 Dungeon Crawl Stone Soup version 0.21.1-1-g345015fe64 (webtiles) character file.

2722 Kohma the Basher (level 9, 0/57 HPs)
             Began as a Gargoyle Fighter on June 19, 2018.
             Was a Believer of Trog.
             Killed by divine providence
             ... invoked by an orc priest
              (10 damage)
             ... on level 8 of the Dungeon.
             The game lasted 00:18:07 (7523 turns).

Kohma the Basher (Gargoyle Fighter)                 Turns: 7523, Time: 00:18:08

Health: 0/57       AC: 23    Str: 23    XL:     9   Next: 66%
Magic:  9/9        EV:  5    Int:  9    God:    Trog [**....]
Gold:   387        SH: 11    Dex:  9    Spells: 8/8 levels left

rFire    . . .     SeeInvis .   a - +2 morningstar (protect)
rCold    . . .     Gourm    .   c - +0 shield
rNeg     + . .     Faith    .   v - +0 plate armour
rPois    ∞         Spirit   .   p - +1 helmet
rElec    +         Reflect  .   (no cloak)
rCorr    .         Harm     .   E - +0 pair of gloves
MR       .....                  (no boots)
Stlth    ..........             (no amulet)
HPRegen  0.19/turn              (no ring)
MPRegen  0.11/turn              (no ring)

@: no status effects
A: negative energy resistance 1, electricity resistance, unbreathing,
petrification resistance, rot immunity, AC +6
a: Berserk, Trog's Hand, Burn Spellbooks, Renounce Religion


You were on level 8 of the Dungeon.
You worshipped Trog.
Trog was pleased with you.
You were not hungry.

You visited 2 branches of the dungeon, and saw 9 of its levels.

You collected 387 gold pieces.

Inventory:

Hand Weapons
 a - a +2 morningstar of protection (weapon)
 o - a +4 mace of protection
 J - a +2 flail of protection
Missiles
 i - 5 javelins
 q - 6 steel tomahawks (quivered)
 r - 23 bolts
 A - a throwing net
Armour
 c - a +0 shield (worn)
 p - a +1 helmet (worn)
 v - a +0 plate armour (worn)
 y - a +0 large shield
 E - a +0 pair of gloves (worn)
Jewellery
 w - an uncursed ring of protection from magic {unknown}
 K - a +1 ring of protection {unknown}
Wands
 k - a wand of iceblast (4)
 m - a wand of scattershot (7)
 u - a wand of flame (51)
 L - a wand of random effects (23)
Scrolls
 b - 2 scrolls of magic mapping
 e - 5 scrolls of noise
 h - 4 scrolls of remove curse
 x - a scroll of enchant armour
 z - a scroll of random uselessness {unknown}
 C - a scroll of teleportation
 F - a scroll of fog {unknown}
 H - a scroll of brand weapon {unknown}
 I - 2 scrolls of identify {unknown}
Potions
 d - 5 potions of might
 g - 4 potions of curing {unknown}
 j - a potion of invisibility {unknown}
 l - a potion of lignification {unknown}
 n - 2 potions of agility {unknown}
 s - 3 potions of flight {unknown}
 t - a potion of magic {unknown}
 B - a potion of heal wounds {unknown}
 D - a potion of brilliance {unknown}
 G - a potion of mutation {unknown}
Comestibles
 f - 11 rations
 M - 6 chunks of flesh


   Skills:
 + Level 7.2 Fighting
 * Level 8.3 Maces & Flails
 + Level 7.2 Armour
 + Level 7.2 Shields


You had 8 spell levels left.
You didn't know any spells.

Dungeon Overview and Level Annotations

Branches:
Dungeon (8/15)             Temple (1/1) D:4
   Lair: D:8-11

Altars:
Ashenzari
Dithmenos
Elyvilon
Gozag
Hepliaklqana
Makhleb
Qazlal
Sif Muna
Trog
Uskayaw
Vehumet
Wu Jian
Xom
Yredelemnul
Zin
The Shining One


Innate Abilities, Weirdness & Mutations

You are resistant to torment.
Your stone body is resilient. (AC +6)
You are immune to poison.
You resist negative energy. (rN+)
You are resistant to electric shocks. (rElec)
You can survive without breathing.
You are immune to petrification.
You are immune to rotting.


Message History

The orc priest is almost dead.
The orc priest hits you but does no damage.
The orc priest barely misses you.
You hit the orc priest but do no damage.
The orc priest is almost dead.
You block the orc priest's attack.
The orc priest casts a cantrip, but nothing happens.
An orc priest comes into view. It is wielding a short sword.
You sock the orc priest!
You kill the orc priest!
Trog accepts your kill. You block the orc priest's attack.
The orc priest invokes the aid of Beogh against you.
Beogh smites you!
* * * LOW HITPOINT WARNING * * *
Things that are here:
a flail; a ring mail; a mace The orc priest calls down the wrath of Beogh upon you.
Beogh smites you!
You die...

.....### ..... #..# #
#.# .#
######o######.###
#......o.?.......
#................
#..........#####
#.......)@.#
#####.##...# #......#
...
#######.#..#######...
#....................
####.#.....##....>...
#........#........
##................
##...............


You could see 2 orc priests.

Vanquished Creatures
  Grinder (D:3)
  A hippogriff (D:7)
  Sigmund (D:3)
  A water moccasin (D:5)
  A black bear (D:6)
  2 orc warriors
  A sky beast (D:7)
  2 ogres
  2 centaurs
  5 bullfrogs
  A water moccasin zombie (D:7)
  A wyvern skeleton (D:7)
  2 scorpions
  A howler monkey (D:6)
  4 crimson imps
  4 hounds
  2 orc priests
  A centaur skeleton (D:5)
  A gnoll shaman (D:6)
  A jelly (D:8)
  Terence (D:2)
  5 worker ants
  2 iguanas (D:5)
  A hound skeleton (D:4)
  A worker ant zombie (D:7)
  Robin (D:2)
  3 gnolls (D:6)
  7 adders
  2 oozes
  An adder skeleton (D:4)
  3 worms
  A dart slug (D:1)
  3 leopard geckos
  19 orcs
  7 bats
  6 giant cockroaches
  13 goblins
  10 hobgoblins
  3 kobolds
  3 quokkas
  5 frilled lizards
  4 hobgoblin zombies (D:4)
  A jackal zombie (D:8)
  An orc skeleton (D:4)
  An orc zombie (D:4)
  13 rats
152 creatures vanquished.

Notes
Turn   | Place    | Note
-------+----------+-------------------------------------------
     0 | D:1      | Kohma the Gargoyle Fighter began the quest for the Orb.
     0 | D:1      | Reached XP level 1. HP: 14/14 MP: 1/1
    34 | D:1      | Reached XP level 2. HP: 19/19 MP: 2/2
   318 | D:1      | Reached XP level 3. HP: 17/23 MP: 3/3
  1225 | D:2      | Reached XP level 4. HP: 25/29 MP: 4/4
  1442 | D:2      | Noticed Terence
  1458 | D:2      | Killed Terence
  1766 | D:2      | Found a basalt altar of Yredelemnul.
  1854 | D:2      | Reached skill level 3 in Maces & Flails
  1922 | D:3      | Found a bloodstained altar of Trog.
  1939 | D:3      | Became a worshipper of Trog the Wrathful
  1951 | D:3      | Noticed Robin
  1957 | D:3      | Noticed Grinder
  1978 | D:3      | Reached XP level 5. HP: 17/33 MP: 5/5
  1992 | D:3      | Paralysed by Grinder for 5 turns
  2241 | D:2      | Killed Robin
  2266 | D:3      | Killed Grinder
  2266 | D:3      | Reached skill level 4 in Maces & Flails
  2266 | D:3      | Reached XP level 6. HP: 31/39 MP: 6/6
  2649 | D:3      | Noticed Sigmund
  2735 | D:3      | Killed Sigmund
  2735 | D:3      | Reached XP level 7. HP: 44/44 MP: 7/7
  3054 | D:3      | Found a deep blue altar of Sif Muna.
  3116 | D:4      | Found a shadowy altar of Dithmenos.
  3139 | D:4      | Found a glowing golden altar of the Shining One.
  3250 | D:4      | Found a staircase to the Ecumenical Temple.
  3256 | Temple   | Entered the Ecumenical Temple
  3675 | D:4      | Reached skill level 5 in Fighting
  3675 | D:4      | Reached skill level 5 in Armour
  3675 | D:4      | Reached skill level 5 in Shields
  4040 | D:4      | Reached skill level 5 in Maces & Flails
  4528 | D:5      | Entered Level 5 of the Dungeon
  4564 | D:5      | Reached * piety under Trog
  4605 | D:5      | Reached XP level 8. HP: 50/50 MP: 8/8
  4684 | D:5      | Reached skill level 6 in Maces & Flails
  4689 | D:5      | You fall through a shaft!
  6257 | D:6      | Reached skill level 7 in Maces & Flails
  6297 | D:6      | Reached XP level 9. HP: 56/56 MP: 9/9
  6650 | D:7      | Reached ** piety under Trog
  6683 | D:7      | Found a stormy altar of Qazlal.
  6780 | D:7      | Reached skill level 8 in Maces & Flails
  7523 | D:8      | Killed from afar by an orc priest

Skill      XL: |  1  2  3  4  5  6  7  8  9 |
---------------+----------------------------+-----
Fighting       | 4 5 6 7 |  7.2
Armour         | 4 5 6 7 |  7.2
Shields        | 4 5 6 7 |  7.2
Maces & Flails | 3 4 5 7 8 |  8.3

Action                   |  1- 3 |  4- 6 |  7- 9 || total
-------------------------+-------+-------+-------++-------
Melee: Flail             |   120 |    30 |       ||   150
       Morningstar       |       |    80 |   389 ||   469
  Use: Scroll            |       |       |     6 ||     6
  Eat: Chunk             |       |     4 |    15 ||    19
       Ration            |       |     1 |       ||     1
Armor: Scale mail        |    66 |    58 |    19 ||   143
       Plate armour      |       |       |   251 ||   251
Dodge: Dodged            |    49 |    40 |    76 ||   165
Block: Shield            |    72 |    63 |   227 ||   362
